TOP OF THE 1ST |
---|
Santa Anna Dukes batting - Pitching for Atlantic City War Dogs : RHP Dale Bennett | Pitching: RHP Dale Bennett | | Batting: LHB Luis García | 0-0: Ball 1-0: Foul Ball, location: 2F 1-1: Ball 2-1: Fly out, F9 (Flyball, 9LD) | Batting: LHB Iván Soriano | 0-0: Ball 1-0: Ball 2-0: Ball 3-0: Called Strike 3-1: Foul Ball, location: 2F 3-2: Foul Ball, location: 2F 3-2: Base on Balls | Batting: LHB Luis Miguel Martínez | 0-0: Swinging Strike 0-1: Called Strike 0-2: SINGLE (Flyball, 7LM) Iván Soriano to second | Batting: RHB Ed Jackson | 0-0: Foul Ball, location: 2F 0-1: Swinging Strike 0-2: Foul Ball, location: 2F 0-2: Strikes out looking | Batting: RHB Amdre Casse | 0-0: Ball 1-0: SINGLE (Flyball, 9LS) Iván Soriano to third Luis Miguel Martínez to second Runner from 3rd tries for Home, SAFE, no throw | Batting: RHB Terry Griffin | 0-0: Ball 1-0: Fly out, F8 (Flyball, 8RS) | Top of the 1st over - 1 run, 2 hits, 0 errors, 2 left on base; Santa Anna 1 - Atlantic City 0 | BOTTOM OF THE 1ST |
---|
Atlantic City War Dogs batting - Pitching for Santa Anna Dukes : RHP Kichisaburo Abe | Pitching: RHP Kichisaburo Abe | | Batting: LHB Chris Martin | 0-0: Called Strike 0-1: Ball 1-1: Foul Ball, location: 2F 1-2: Fly out, F9 (Flyball, 9) | Batting: LHB Matt Clark | 0-0: Ball 1-0: Foul Ball, location: 2F 1-1: Ball 2-1: Foul Ball, location: 2F 2-2: Ball 3-2: Base on Balls | Batting: RHB Kevin Robinson | 0-0: Ball Matt Clark is caught stealing 2nd base 1-0: Called Strike 1-1: Ball 2-1: Fly out, F5 (Line Drive, 5S) | Bottom of the 1st over - 0 runs, 0 hits, 0 errors, 0 left on base; Santa Anna 1 - Atlantic City 0 | TOP OF THE 2ND |
---|
Santa Anna Dukes batting - Pitching for Atlantic City War Dogs : RHP Dale Bennett | Batting: LHB Francisco Madraso | 0-0: Ball 1-0: Ball 2-0: Called Strike 2-1: Called Strike 2-2: Strikes out swinging | Batting: RHB Eric Hillman | 0-0: Foul Ball, location: 2F 0-1: Ground out 6-3 (Groundball, 6S) | Batting: RHB Ken Pérez | 0-0: Ball 1-0: Ball 2-0: Foul Ball, location: 2F 2-1: Ball 3-1: Swinging Strike 3-2: Base on Balls | Batting: LHB Luis García | 0-0: Foul Ball, location: 2F 0-1: Ball 1-1: Ball 2-1: Swinging Strike 2-2: Strikes out looking | Top of the 2nd over - 0 runs, 0 hits, 0 errors, 1 left on base; Santa Anna 1 - Atlantic City 0 | BOTTOM OF THE 2ND |
---|
Atlantic City War Dogs batting - Pitching for Santa Anna Dukes : RHP Kichisaburo Abe | Batting: RHB David Gallardo | 0-0: Ball 1-0: Called Strike 1-1: Foul Ball, location: 2F 1-2: SINGLE (Groundball, 6D) | Batting: RHB Ed Vega | 0-0: Called Strike 0-1: Foul Ball, location: 2F 0-2: Foul Ball, location: 2F 0-2: Foul Ball, location: 2F 0-2: Ball 1-2: Foul Ball, location: 2F 1-2: Foul Ball, location: 2F 1-2: Foul Ball, location: 2F 1-2: Ball 2-2: Foul Ball, location: 2F 2-2: Foul Ball, location: 2F 2-2: Ball 3-2: SINGLE (Groundball, 6MD) David Gallardo to second | Batting: RHB José Corral | 0-0: Called Strike 0-1: Ball 1-1: Foul Ball, location: 2F 1-2: Strikes out looking | Batting: SHB Luis Días | 0-0: Ball 1-0: Ball 2-0: Ball 3-0: Base on Balls David Gallardo to third Ed Vega to second | Batting: RHB Roberto Díaz | 0-0: Ball 1-0: Fielders Choice at 2nd, 5-4 (Groundball, 56) David Gallardo scores Ed Vega to third | Batting: RHB Roberto García | 0-0: Called Strike 0-1: Called Strike 0-2: Fly out, F7 (Flyball, 78M) | Bottom of the 2nd over - 1 run, 2 hits, 0 errors, 2 left on base; Santa Anna 1 - Atlantic City 1 | TOP OF THE 3RD |
---|
Santa Anna Dukes batting - Pitching for Atlantic City War Dogs : RHP Dale Bennett | Batting: LHB Iván Soriano | 0-0: Foul Ball, location: 2F 0-1: Foul Ball, location: 2F 0-2: Ball 1-2: Foul Ball, location: 2F 1-2: Foul Ball, location: 2F 1-2: Ball 2-2: Foul Ball, location: 2F 2-2: Foul Ball, location: 2F 2-2: Ground out 4-3 (Groundball, 4) | Batting: LHB Luis Miguel Martínez | 0-0: SINGLE (Flyball, 89S) | Batting: RHB Ed Jackson | 0-0: Ball 1-0: Ball 2-0: Called Strike 2-1: Swinging Strike 2-2: Ball 3-2: SINGLE (Line Drive, 78M) Luis Miguel Martínez to second Luis Miguel Martínez to third | Batting: RHB Amdre Casse | 0-0: Called Strike Ed Jackson steals 2nd base 0-1: Ball 1-1: Foul Ball, location: 2F 1-2: Strikes out swinging | Batting: RHB Terry Griffin | 0-0: SINGLE (Groundball, 6MD) Luis Miguel Martínez scores Ed Jackson to third Runner from 3rd tries for Home, SAFE, throw made home | Batting: LHB Francisco Madraso | 0-0: Ball Terry Griffin is caught stealing 2nd base | Top of the 3rd over - 2 runs, 3 hits, 0 errors, 0 left on base; Santa Anna 3 - Atlantic City 1 | BOTTOM OF THE 3RD |
---|
Atlantic City War Dogs batting - Pitching for Santa Anna Dukes : RHP Kichisaburo Abe | Batting: LHB Chris Martin | 0-0: Ball 1-0: Called Strike 1-1: Foul Ball, location: 2F 1-2: Fly out, F9 (Flyball, 89M) | Now in RF: Lance Fullerton | | Batting: LHB Matt Clark | 0-0: Foul Ball, location: 2F 0-1: Swinging Strike 0-2: Strikes out swinging | Batting: RHB Kevin Robinson | 0-0: Swinging Strike 0-1: Hit by Pitch | Batting: RHB David Gallardo | 0-0: Foul Ball, location: 2F 0-1: Foul Ball, location: 2F 0-2: Foul Ball, location: 2F 0-2: Foul Ball, location: 2F 0-2: Ball 1-2: Ground out 5-3 (Groundball, 56S) | Bottom of the 3rd over - 0 runs, 0 hits, 0 errors, 1 left on base; Santa Anna 3 - Atlantic City 1 | TOP OF THE 4TH |
---|
Santa Anna Dukes batting - Pitching for Atlantic City War Dogs : RHP Dale Bennett | Batting: LHB Francisco Madraso | 0-0: Ball 1-0: SINGLE (Flyball, 7LS) | Batting: RHB Eric Hillman | 0-0: Called Strike 0-1: Swinging Strike 0-2: Ball 1-2: Ball 2-2: Strikes out swinging | Batting: RHB Ken Pérez | 0-0: Ball 1-0: Called Strike 1-1: Called Strike 1-2: Ball 2-2: Ball 3-2: 2-RUN HOME RUN (Flyball, 7LD), Distance : 364 ft | Batting: LHB Luis García | 0-0: Ball 1-0: Ball 2-0: Swinging Strike 2-1: Fly out, F6 (Line Drive, 6) | Batting: LHB Iván Soriano | 0-0: Ball 1-0: Called Strike 1-1: Ball 2-1: Foul Ball, location: 2F 2-2: SINGLE (Groundball, 4D) | Batting: RHB Lance Fullerton | 0-0: Called Strike 0-1: Ball 1-1: Foul Ball, location: 2F 1-2: Ground out 5-3 (Groundball, 56S) | Top of the 4th over - 2 runs, 3 hits, 0 errors, 1 left on base; Santa Anna 5 - Atlantic City 1 | BOTTOM OF THE 4TH |
---|
Atlantic City War Dogs batting - Pitching for Santa Anna Dukes : RHP Kichisaburo Abe | Batting: RHB Ed Vega | 0-0: Ball 1-0: Ball 2-0: Fly out, F8 (Flyball, 8LD) | Batting: RHB José Corral | 0-0: Swinging Strike 0-1: Ball 1-1: SOLO HOME RUN (Line Drive, 7D), Distance : 371 ft | Batting: SHB Luis Días | 0-0: Ball 1-0: SINGLE (Groundball, 34D) | Batting: RHB Roberto Díaz | 0-0: Called Strike 0-1: Ball 1-1: Ball 2-1: Ball 3-1: DOUBLE (Line Drive, 8LXD) Luis Días to third Runner from 3rd tries for Home, SAFE, no throw | Batting: RHB Roberto García | 0-0: Called Strike 0-1: Ball 1-1: Fly out, F8 (Flyball, 8LM) | Batting: LHB Chris Martin | 0-0: Foul Ball, location: 2F 0-1: Swinging Strike 0-2: Ball 1-2: Ball 2-2: Ball 3-2: Foul Ball, location: 2F 3-2: SINGLE (Groundball, 4S) (infield hit) Roberto Díaz to third | Batting: LHB Matt Clark | 0-0: Ball 1-0: SINGLE (Line Drive, 8RS) Roberto Díaz scores Chris Martin to second | Batting: RHB Kevin Robinson | 0-0: Called Strike 0-1: Called Strike 0-2: Strikes out swinging | Bottom of the 4th over - 3 runs, 5 hits, 0 errors, 2 left on base; Santa Anna 5 - Atlantic City 4 | TOP OF THE 5TH |
---|
Santa Anna Dukes batting - Pitching for Atlantic City War Dogs : RHP Dale Bennett | Pitching: LHP Jorge Acevedo | | Batting: RHB Ed Jackson | 0-0: Ball 1-0: Ball 2-0: Called Strike 2-1: Foul Ball, location: 2F 2-2: Foul Ball, location: 2F 2-2: Ground out 5-3 (Groundball, 56S) | Batting: RHB Amdre Casse | 0-0: Swinging Strike 0-1: Ball 1-1: Foul Ball, location: 2F 1-2: Fly out, F5 (Line Drive, 5) | Batting: RHB Terry Griffin | 0-0: Called Strike 0-1: Hit by Pitch | Batting: LHB Francisco Madraso | 0-0: Ball 1-0: Ground out 4-3 (Groundball, 4) | Top of the 5th over - 0 runs, 0 hits, 0 errors, 1 left on base; Santa Anna 5 - Atlantic City 4 | BOTTOM OF THE 5TH |
---|
Atlantic City War Dogs batting - Pitching for Santa Anna Dukes : RHP Kichisaburo Abe | Batting: RHB David Gallardo | 0-0: Ball 1-0: Called Strike 1-1: Ball 2-1: Swinging Strike 2-2: Strikes out swinging | Batting: RHB Ed Vega | 0-0: Ball 1-0: Ball 2-0: Ball 3-0: Called Strike 3-1: Foul Ball, location: 2F 3-2: Strikes out looking | Batting: RHB José Corral | 0-0: Fly out, F9 (Flyball, 9D) | Bottom of the 5th over - 0 runs, 0 hits, 0 errors, 0 left on base; Santa Anna 5 - Atlantic City 4 | TOP OF THE 6TH |
---|
Santa Anna Dukes batting - Pitching for Atlantic City War Dogs : LHP Jorge Acevedo | Batting: RHB Eric Hillman | 0-0: Called Strike 0-1: Called Strike 0-2: Ball 1-2: Strikes out swinging | Batting: RHB Ken Pérez | 0-0: SINGLE (Flyball, 89M) | Batting: LHB Luis García | 0-0: Foul Ball, location: 2F 0-1: Swinging Strike 0-2: Strikes out swinging | Batting: LHB Iván Soriano | 0-0: Called Strike 0-1: Ball 1-1: Ball 2-1: Ball Wild Pitch! Ken Pérez to second 3-1: DOUBLE (Line Drive, 7LM) Ken Pérez scores | Batting: RHB Lance Fullerton | 0-0: Foul Ball, location: 2F 0-1: Called Strike 0-2: Ground out 4-3 (Groundball, 4) | Top of the 6th over - 1 run, 2 hits, 0 errors, 1 left on base; Santa Anna 6 - Atlantic City 4 | BOTTOM OF THE 6TH |
---|
Atlantic City War Dogs batting - Pitching for Santa Anna Dukes : RHP Kichisaburo Abe | Batting: SHB Luis Días | 0-0: Foul Ball, location: 2F 0-1: Called Strike 0-2: Ground out 6-3 (Groundball, 6) | Batting: RHB Roberto Díaz | 0-0: SINGLE (Line Drive, 7LS) | Batting: RHB Roberto García | 0-0: Swinging Strike 0-1: Fly out, F9 (Flyball, 89D) Runner from 1st tags up, SAFE at 2nd | Batting: LHB Chris Martin | 0-0: Ball 1-0: Swinging Strike 1-1: Fly out, F8 (Flyball, 8RD) | Bottom of the 6th over - 0 runs, 1 hit, 0 errors, 1 left on base; Santa Anna 6 - Atlantic City 4 | TOP OF THE 7TH |
---|
Santa Anna Dukes batting - Pitching for Atlantic City War Dogs : LHP Jorge Acevedo | Batting: RHB Ed Jackson | 0-0: Called Strike 0-1: Ball 1-1: Ball 2-1: Swinging Strike 2-2: Strikes out swinging | Batting: RHB Amdre Casse | 0-0: Ball 1-0: Ball 2-0: SINGLE (Groundball, 6MD) | Batting: RHB Terry Griffin | 0-0: Called Strike 0-1: Foul Ball, location: 2F 0-2: Ball 1-2: Foul Ball, location: 2F 1-2: Grounds into double play, 4-6-3 (Groundball, 4) | Top of the 7th over - 0 runs, 1 hit, 0 errors, 0 left on base; Santa Anna 6 - Atlantic City 4 | BOTTOM OF THE 7TH |
---|
Atlantic City War Dogs batting - Pitching for Santa Anna Dukes : RHP Kichisaburo Abe | Pitching: RHP Howard Hatfield | | Batting: LHB Matt Clark | 0-0: Called Strike 0-1: Ball 1-1: Ball 2-1: Ball 3-1: Called Strike 3-2: Ground out 4-3 (Groundball, 4) | Batting: RHB Kevin Robinson | 0-0: Ball 1-0: Ball 2-0: Ball 3-0: Foul Ball, location: 2F 3-1: Base on Balls | Batting: RHB David Gallardo | 0-0: Called Strike 0-1: Foul Ball, location: 2F 0-2: Strikes out swinging | Batting: RHB Ed Vega | 0-0: Swinging Strike 0-1: Ball Pickoff Throw to First - Out! | Bottom of the 7th over - 0 runs, 0 hits, 0 errors, 0 left on base; Santa Anna 6 - Atlantic City 4 | TOP OF THE 8TH |
---|
Santa Anna Dukes batting - Pitching for Atlantic City War Dogs : LHP Jorge Acevedo | Batting: LHB Francisco Madraso | 0-0: Ball 1-0: Ball 2-0: Foul Ball, location: 2F 2-1: Ball 3-1: Foul Ball, location: 2F 3-2: Foul Ball, location: 2F 3-2: Base on Balls | Batting: RHB Eric Hillman | 0-0: Called Strike 0-1: Swinging Strike 0-2: Ball Wild Pitch! Francisco Madraso to second 1-2: Strikes out swinging | Batting: RHB Ken Pérez | 0-0: Called Strike 0-1: Fly out, F4 (Line Drive, 4) | Batting: LHB Luis García | 0-0: Called Strike 0-1: Foul Ball, location: 2F 0-2: Fly out, F9 (Flyball, 9S) | Top of the 8th over - 0 runs, 0 hits, 0 errors, 1 left on base; Santa Anna 6 - Atlantic City 4 | BOTTOM OF THE 8TH |
---|
Atlantic City War Dogs batting - Pitching for Santa Anna Dukes : RHP Howard Hatfield | Pitching: RHP Pat Wright | | Batting: RHB Ed Vega | 0-0: Ball 1-0: Foul Ball, location: 2F 1-1: Called Strike 1-2: Fly out, F7 (Flyball, 7S) | Batting: RHB José Corral | 0-0: Called Strike 0-1: Called Strike 0-2: Foul Ball, location: 2F 0-2: SINGLE (Flyball, 89M) | Batting: SHB Luis Días | 0-0: Called Strike 0-1: Ball 1-1: Swinging Strike 1-2: Ball 2-2: Strikes out swinging | Batting: RHB Roberto Díaz | 0-0: Swinging Strike 0-1: Swinging Strike 0-2: Ball 1-2: Strikes out swinging | Bottom of the 8th over - 0 runs, 1 hit, 0 errors, 1 left on base; Santa Anna 6 - Atlantic City 4 | TOP OF THE 9TH |
---|
Santa Anna Dukes batting - Pitching for Atlantic City War Dogs : LHP Jorge Acevedo | Batting: LHB Iván Soriano | 0-0: Called Strike 0-1: Foul Ball, location: 2F 0-2: Ball 1-2: Foul Ball, location: 2F 1-2: Foul Ball, location: 2F 1-2: Foul Ball, location: 2F 1-2: Foul Ball, location: 2F 1-2: SINGLE (Flyball, 7LS) | Batting: RHB Lance Fullerton | 0-0: Called Strike 0-1: Foul Ball, location: 2F 0-2: Ball 1-2: Ball 2-2: Ball 3-2: Grounds into double play, 6-4-3 (Groundball, 6) | Batting: RHB Ed Jackson | 0-0: Foul Ball, location: 2F 0-1: Ball 1-1: Foul Ball, location: 2F 1-2: Ball 2-2: Foul Ball, location: 2F 2-2: Ground out 4-3 (Groundball, 4) | Top of the 9th over - 0 runs, 1 hit, 0 errors, 0 left on base; Santa Anna 6 - Atlantic City 4 | BOTTOM OF THE 9TH |
---|
Atlantic City War Dogs batting - Pitching for Santa Anna Dukes : RHP Pat Wright | Batting: RHB Roberto García | 0-0: Foul Ball, location: 2F 0-1: Swinging Strike 0-2: Foul Ball, location: 2F 0-2: Ball 1-2: Ball 2-2: Ground out 6-3 (Groundball, 6) | Batting: LHB Chris Martin | 0-0: Swinging Strike 0-1: SINGLE (Flyball, 78S) | Pinch Hitting: SHB Ed Nelson | 0-0: Called Strike 0-1: 2-RUN HOME RUN (Flyball, 89XD), Distance : 396 ft | Batting: RHB Kevin Robinson | 0-0: Ball 1-0: Fly out, F4 (Popup, 3D) | Batting: RHB David Gallardo | 0-0: Ball 1-0: Called Strike 1-1: Ball 2-1: Ground out 6-3 (Groundball, 6) | Bottom of the 9th over - 2 runs, 2 hits, 0 errors, 0 left on base; Santa Anna 6 - Atlantic City 6 | TOP OF THE 10TH |
---|
Santa Anna Dukes batting - Pitching for Atlantic City War Dogs : LHP Jorge Acevedo | Pitching: RHP Gabriel García | | Now in CF: Pedro Torres | | Pinch Hitting: SHB Kel Davis | 0-0: Ground out 6-3 (Groundball, 6M) | Pinch Hitting: LHB Leon Malone | 0-0: Called Strike 0-1: Ball 1-1: Ground out 4-3 (Groundball, 6M) | Batting: LHB Francisco Madraso | 0-0: Ball 1-0: Foul Ball, location: 2F 1-1: Ball 2-1: Fly out, F7 (Flyball, 7S) | Top of the 10th over - 0 runs, 0 hits, 0 errors, 0 left on base; Santa Anna 6 - Atlantic City 6 | BOTTOM OF THE 10TH |
---|
Atlantic City War Dogs batting - Pitching for Santa Anna Dukes : RHP Pat Wright | Pitching: RHP Troy Perkins | | Now at SS: Kel Davis | | Now in LF: Julián García | | Batting: RHB Ed Vega | 0-0: Ball 1-0: Fly out, F9 (Flyball, 9) | Pinch Hitting: LHB Patrick Ferguson | 0-0: Ball 1-0: Called Strike 1-1: Ball 2-1: Ball 3-1: Foul Ball, location: 2F 3-2: Fly out, F5 (Popup, 6S) | Batting: SHB Luis Días | 0-0: Ball 1-0: Ball 2-0: Swinging Strike 2-1: Foul Ball, location: 2F 2-2: Strikes out looking | Bottom of the 10th over - 0 runs, 0 hits, 0 errors, 0 left on base; Santa Anna 6 - Atlantic City 6 | TOP OF THE 11TH |
---|
Santa Anna Dukes batting - Pitching for Atlantic City War Dogs : RHP Gabriel García | Now in LF: Eric Turner | | Pinch Hitting: RHB Donald Fenner | 0-0: Ball 1-0: Ball 2-0: Foul Ball, location: 2F 2-1: Foul Ball, location: 2F 2-2: Foul Ball, location: 2F 2-2: Foul Ball, location: 2F 2-2: Ball 3-2: Ground out 1-3 (Groundball, P) | Pinch Hitting: LHB Xavier Carrillo | 0-0: SINGLE (Groundball, 6S) (infield hit) | Batting: LHB Luis García | 0-0: Ball 1-0: Swinging Strike 1-1: Grounds into double play, 6-4-3 (Groundball, 6M) | Top of the 11th over - 0 runs, 1 hit, 0 errors, 0 left on base; Santa Anna 6 - Atlantic City 6 | BOTTOM OF THE 11TH |
---|
Atlantic City War Dogs batting - Pitching for Santa Anna Dukes : RHP Troy Perkins | Now at C: Bob Vaughn | | Now at 3B: Donald Fenner | | Pinch Hitting: LHB Tomás Mata | 0-0: Ball 1-0: Foul Ball, location: 2F 1-1: Called Strike 1-2: Strikes out swinging, 2-3 out at first. | Batting: RHB Roberto García | 0-0: Ball 1-0: Called Strike 1-1: Swinging Strike 1-2: SINGLE (Line Drive, 78M) | Batting: LHB Chris Martin | 0-0: Called Strike 0-1: Ball 1-1: Ball 2-1: Swinging Strike 2-2: Foul Ball, location: 2F 2-2: Ball 3-2: Fly out, F6 (Popup, 6D) | Batting: SHB Pedro Torres | 0-0: Ball 1-0: Ball 2-0: Called Strike 2-1: Ball Roberto García steals 2nd base 3-1: SINGLE (Flyball, 7S) Roberto García to third Runner from 3rd tries for Home, SAFE, no throw | Saturday, December 16th, 2017 - OOTP Baseball 18.8 Build 76 |
|